 Dungeon Crawl Stone Soup version 0.29-a0-1008-g949cc1d0fb (webtiles) character file.

Game seed: 11545949665626200365

11 Klosterheim the Vexing (level 2, 0/11 HPs)
             Began as a Felid Enchanter on Aug 7, 2022.
             Slain by a kobold
             ... wielding a +0 club
              (3 damage)
             ... on level 1 of the Dungeon.
             The game lasted 00:02:26 (463 turns).

Klosterheim the Vexing (Felid Enchanter)             Turns: 463, Time: 00:02:26

Health: 0/11       AC:  1    Str:  4    XL:     2   Next: 13%
Magic:  6/6        EV: 17    Int: 16    God:
Gold:   14         SH:  0    Dex: 16    Spells: 5/5 levels left
                                        Lives:  0   Deaths: 0

rFire   . . .      SeeInvis +     - Unarmed
rCold   . . .      Faith    .   (shield unavailable)
rNeg    . . .      Spirit   .   (body armour unavailable)
rPois   .          Reflect  .   (helmet unavailable)
rElec   .          Harm     .   (cloak unavailable)
rCorr   .          Rampage  .   (gloves unavailable)
Will    .....                   (boots unavailable)
Stlth   +++.......              (no amulet)
HPRegen 0.03/turn               (no ring)
MPRegen 0.10/turn               (no ring)

@: invisible, quick
A: very small, claws 1, fangs 3, see invisible, speed 1, shaggy fur 1, stealthy
paws, no weapons or thrown items, no armour, multi-lived
a: no special abilities


You were on level 1 of the Dungeon.
You visited 1 branch of the dungeon, and saw 1 of its levels.

You collected 14 gold pieces.

Inventory:

Potions
 a - a potion of invisibility


   Skills:
 - Level 3.0 Dodging
 - Level 4.0 Stealth
 * Level 1.7 Unarmed Combat
 - Level 2.0 Spellcasting
 + Level 4.6 Hexes


You had 5 spell levels left.
You didn't know any spells.
Your spell library contained the following spells:

 Spells                   Type           Power      Damage    Failure   Level
 Confusing Touch          Hex            16%        N/A       9%          3
 Tukima's Dance           Hex            16%        N/A       9%          3
 Ensorcelled Hibernation  Hex/Ice        18%        N/A       12%         2
 Dazzling Flash           Conj/Hex       18%        N/A       24%         3


Dungeon Overview and Level Annotations

Branches:
Dungeon (1/15)

Altars:

Shops:
D:1 (


Innate Abilities, Weirdness & Mutations

You have sharp claws.
You have razor-sharp teeth.
You have supernaturally acute eyesight. (SInv)
You cover ground quickly. (Speed+)
You are covered in fur. (AC +1)
Your paws help you pounce on unaware monsters.
You are incapable of wielding weapons or throwing items.
You cannot wear armour.
You gain extra lives every three experience levels.


Message History

The endoplasm is heavily wounded.
The endoplasm completely misses you.
You scratch the endoplasm.
You kill the endoplasm!
You have reached level 2!
You see here 5 stones.
The bat completely misses you. The bat hits you but does no damage.
You closely miss the bat. The bat barely misses you.
Found Poighuety's Weapon Boutique.
The bat closely misses you.
You scratch the bat.
You kill the bat!
No target in view!
A giant cockroach comes into view.
The giant cockroach completely misses you.
You scratch the giant cockroach.
The giant cockroach is almost dead.
The giant cockroach barely misses you.
You scratch the giant cockroach.
You kill the giant cockroach!
No target in view!
There is an entrance to Poighuety's Weapon Boutique here.
A jackal comes into view.
An endoplasm comes into view.
The endoplasm freezes you.
You are frozen.
You scratch the endoplasm but do no damage.
The endoplasm freezes you.
You are frozen.
* * * LOW HITPOINT WARNING * * *
You see here 5 stones.
There is an open door here.
You close the door.
You start resting.
A kobold opens the door.
It is wielding a +0 club.
You aren't carrying any scrolls.
You fade into invisibility!
You scratch the kobold.
The kobold is moderately wounded.
The kobold hits you with a +0 club.
You die...

.....#######...##
#.#.# ##. .....# #...#
#...###.. .....# +...+
####.......# .....#
##l## #...........
.....#
##.########...##......
........
#...##....J...........
..##.....
#...##.........###†..#
...#.###+
##.###+####.....##..##
...###
##.##@....#.#.......#
...#
#...K..<..#..........
...#
#...#.....#......##.#.
...#
#...#######.##........
.... #...##
..###..#... ##..# ##.#
#.# #.#


You could see a kobold (unable to see you).

Vanquished Creatures
  A ball python (D:1)
  3 endoplasms (D:1)
  2 giant cockroaches (D:1)
  2 bats (D:1)
  A frilled lizard (D:1)
  A rat (D:1)
10 creatures vanquished.

Notes
Turn   | Place    | Note
-------+----------+-------------------------------------------
     0 | D:1      | Klosterheim the Felid Enchanter began the quest for the
                  | Orb.
     0 | D:1      | Reached XP level 1. HP: 7/7 MP: 4/4
   403 | D:1      | Reached XP level 2. HP: 11/11 MP: 6/6
   414 | D:1      | Found Poighuety's Weapon Boutique.
   463 | D:1      | Slain by a kobold

Illustrated notes

Levels and vault maps discovered:
D:1:      dpeg_arrival_houses_and_road, layout_rooms, serial_shops, shop,
          st_stairs_9, minmay_statues_item, minmay_worlds_worst_comb

Skill      XL: |  1 |
---------------+----+-----
Dodging        | 3 |  3.0
Stealth        | |  4.0
Unarmed Combat | |  1.7
Spellcasting   | |  2.0
Hexes          | |  4.6

Action                   || total
-------------------------++-------
Melee: Unarmed           ||    33
       Bite              ||     3
  Use: Potion            ||     1
 Stab: Sleeping          ||     2
Armor: Skin              ||     4
Dodge: Dodged            ||    30

Table legend: (Time is in decaauts)
 A = Elapsed time spent in this place.
 B = Non-inter-level travel time spent in this place.
 C = Inter-level travel time spent in this place.
 D = Time resting spent in this place.
 E = Time spent auto-exploring this place.
 F = Levels seen in this place.
 G = Mean time per level.
                   A        B        C        D        E       F      G
               +--------+--------+--------+--------+--------+-----+--------+
         Total |    422 |    407 |     15 |    226 |     26 |   1 |  422.0 |
       Dungeon |    422 |    407 |     15 |    226 |     26 |   1 |  422.0 |
               +--------+--------+--------+--------+--------+-----+--------+

Top non-repeatable levels by time:
     D:1: 422 daAuts
